 Dungeon Crawl Stone Soup version 0.28.0-53-g5a82cb258f (webtiles) character file.

Game seed: 16136490927929314900

177 Kranky the Skirmisher (level 5, -6/38 HPs)
             Began as an Octopode Fighter on June 20, 2022.
             Mangled by a wyvern skeleton (7 damage)
             ... on level 3 of the Dungeon.
             The game lasted 00:05:09 (2301 turns).

Kranky the Skirmisher (Octopode Fighter)            Turns: 2301, Time: 00:05:10

Health: -6/38      AC:  1    Str: 16    XL:     5   Next: 57%
Magic:  1/1        EV: 13    Int: 10    God:
Gold:   133        SH:  5    Dex: 13    Spells: 4/4 levels left

rFire   . . .      SeeInvis +   k - +2 morningstar (antimagic)
rCold   . . .      Faith    .   b - +0 buckler
rNeg    . . .      Spirit   .   (helmet restricted)
rPois   .          Reflect  .   (no amulet)
rElec   .          Harm     .   i - ring of see invisible
rCorr   .          Rampage  .   (no ring)
Will    .....                   (no ring)
Stlth   +++.......              (no ring)
HPRegen 0.12/turn               (no ring)
MPRegen 0.07/turn               (no ring)
                                (no ring)
                                (no ring)

@: no status effects
A: almost no armour, amphibious, 8 rings, camouflage 1, gelatinous body 1,
(nimble swimmer 1), tentacles
a: no special abilities


You were on level 3 of the Dungeon.
You visited 1 branch of the dungeon, and saw 3 of its levels.

You collected 133 gold pieces.

Inventory:

Hand Weapons
 a - a +0 flail
 k - a +2 antimagic morningstar (weapon)
Armour
 b - a +0 buckler (worn)
Jewellery
 i - a ring of see invisible (left tentacle)
Scrolls
 d - 3 scrolls of identify {unknown}
 g - a scroll of vulnerability {unknown}
 h - a scroll of fog {unknown}
 j - a scroll of summoning {unknown}
Potions
 c - 2 potions of might
 e - a potion of heal wounds {unknown}
 f - 2 potions of degeneration {unknown}


   Skills:
 + Level 4.7 Fighting
 - Level 2.0 Maces & Flails
 + Level 3.5 Dodging
 - Level 3.0 Stealth
 + Level 3.7 Shields


You had 4 spell levels left.
You didn't know any spells.
Your spell library was empty.

Dungeon Overview and Level Annotations

Branches:
Dungeon (3/15)

Altars:

Annotations:
D:3 1 runed translucent door, Barsook's ghost, amateur DrBe


Innate Abilities, Weirdness & Mutations

You cannot wear most types of armour.
You are amphibious.
You can wear up to eight rings at the same time.
Your skin changes colour to match your surroundings (Stealth+).
Your rubbery body absorbs attacks. (AC +1, EV +1)
((You are camouflaged when in or above water. (Stealth+)))
You have tentacles for arms and can constrict up to eight enemies at once.


Message History

a +0 whip; a +0 leather armour; an orc skeleton
Things that are here:
a +0 club; a jackal corpse You miss the jackal.
Your grab misses the jackal. You block the jackal's attack.
The jackal barely misses you.
You sock the jackal!
You kill the jackal!
You see here a jackal corpse.
HP restored.
Found a runed translucent door.
There is a stone staircase leading down here.
Barsook's ghost turns its malevolent gaze towards you.
A wyvern skeleton comes into view.
A wyvern skeleton is nearby!
A giant cockroach and a goblin come into view.
Barsook's ghost laughs, "And you think you're capable of finding the ORB?
I had it, you know.
Then I gave it away so I could steal it AGAIN."
Found a stone staircase leading down.
The goblin shouts!
The goblin unwields a +0 club.
The goblin wields a +0 hunting sling.
The goblin shoots a stone.
The stone hits you.
The wyvern skeleton completely misses you.
The goblin shoots a stone.
The stone closely misses you.
You puncture the wyvern skeleton!
The wyvern skeleton is moderately damaged.
The wyvern skeleton bites you!
The goblin shoots a stone.
You block the stone. The wyvern skeleton bites you!
You puncture the wyvern skeleton!
The wyvern skeleton is heavily damaged.
The wyvern skeleton bites you.
The goblin shoots a stone.
The stone hits you but does no damage. The wyvern skeleton barely misses you.
A quokka comes into view.
You hit the wyvern skeleton but do no damage.
The wyvern skeleton is heavily damaged.
You block the wyvern skeleton's attack.
The goblin shoots a stone.
The stone misses you. The wyvern skeleton bites you!
* * * LOW HITPOINT WARNING * * *
You hit the wyvern skeleton.
The wyvern skeleton is heavily damaged.
The wyvern skeleton bites you!
You die...

##...##....##......
....##.....##...##......
....#⌠.?♣!.⌠#...##......
....##.....##....<.....#
.....##...##.......(####
......##W##.....#####.
.......###............#
................#####..
#Z@.........#
##..........#
#...B......#
##........## #..........
#.....gr.....
#..........#B
.....>.....#


You could see Barsook's ghost, a quokka, a giant cockroach, a goblin and a
wyvern skeleton.

Vanquished Creatures
  A black bear (D:2)
  An adder (D:2)
  A gnoll (D:1)
  A dart slug (D:3)
  10 orcs (D:3)
  7 ball pythons
  4 endoplasms
  4 giant cockroaches
  6 goblins
  2 hobgoblins (D:1)
  6 jackals
  A kobold (D:2)
  2 quokkas
  3 bats
  2 frilled lizards (D:1)
  4 rats
55 creatures vanquished.

Notes
Turn   | Place    | Note
-------+----------+-------------------------------------------
     0 | D:1      | Kranky the Octopode Fighter began the quest for the Orb.
     0 | D:1      | Reached XP level 1. HP: 16/16 MP: 1/1
    75 | D:1      | Reached skill level 1 in Stealth
   359 | D:1      | Reached XP level 2. HP: 21/21 MP: 2/2
   552 | D:1      | Reached XP level 3. HP: 24/26 MP: 3/3
  1033 | D:2      | Noticed a black bear
  1436 | D:2      | Identified the +0 chain mail of the Bulwark {+Blink rN+}
  1555 | D:2      | Reached skill level 4 in Fighting
  1714 | D:2      | Killed a black bear
  1715 | D:2      | Reached XP level 4. HP: 19/34 MP: 4/4
  1715 | D:2      | Reached XP level 5. HP: 21/38 MP: 5/5
  2272 | D:3      | Found a runed translucent door.
  2272 | D:3      | Noticed Barsook's ghost (amateur DrBe)
  2300 | D:3      | HP: 1/38 [wyvern skeleton (12)]
  2301 | D:3      | Mangled by a wyvern skeleton

Illustrated notes

Levels and vault maps discovered:
D:1:      matt_arrival_refuge, layout_loops_cross, serial_forest,
          infiniplex_forest_lined_room_2, infiniplex_forest_clump_C,
          infiniplex_forest_clump_small, infiniplex_forest_clump_curved,
          infiniplex_forest_clump_long, infiniplex_forest_clump_curved,
          chequers_decorated_corner
D:2:      layout_loops_ring
D:3:      minmay_general_purpose_star, layout_rooms, elyvilon_altar_5,
          hellmonk_ecumenical_altar_heavens_door, hellmonk_ghost_happy_afterlife

Skill      XL: |  1  2  3 |
---------------+----------+-----
Stealth        | 1 2 3 |  3.0
Fighting       | 4 |  4.7
Maces & Flails | |  2.0
Dodging        | |  3.5
Shields        | |  3.7

Action                   |  1- 3 |  4- 6 || total
-------------------------+-------+-------++-------
Melee: Flail             |    58 |    26 ||    84
       Constrict         |    11 |    14 ||    25
       Tentacles         |     7 |     9 ||    16
       Punch             |     1 |       ||     1
       Morningstar       |       |    11 ||    11
 Stab: Sleeping          |    13 |     1 ||    14
Armor: Skin              |     4 |     3 ||     7
Dodge: Dodged            |    33 |    19 ||    52
Block: Buckler           |    14 |     8 ||    22
